 Dungeon Crawl Stone Soup version 0.18-a0-1211-g828307d (webtiles) character file.

224 ololoev the Conjurer (level 5, 0/28 HPs)
             Began as a Deep Elf Fire Elementalist on Feb 2, 2016.
             Succumbed to a worker ant's poison
             ... on level 6 of the Dungeon.
             The game lasted 00:06:15 (717 turns).

ololoev the Conjurer (Deep Elf Fire Elementalist)    Turns: 717, Time: 00:06:16

Health: 0/28       AC:  2    Str:  5    XL:     5   Next: 67%
Magic:  0/13       EV: 13    Int: 23    God:
Gold:   98         SH:  0    Dex: 15    Spells: 4 memorised, 2 levels left

rFire  . . .     SeeInvis .     f - +1 long sword (holy)
rCold  + . .     Gourm    +     a - +0 robe
rNeg   . . .     Faith    .     (no shield)
rPois  .         Spirit   .     (no helmet)
rElec  .         Dismiss  .     (no cloak)
rCorr  .         Reflect  .     (no gloves)
SustAt .         Harm     .     (no boots)
MR     .....                    n - amulet of the gourmand
Stlth  ++........               (no ring)
                                i - ring of protection from cold

@: lethally poisoned (0 -> -8), not resistant to hostile enchantments,
unstealthy
A: fangs 1, clever 1, mutation resistance 1
a: no special abilities


Innate Abilities, Weirdness & Mutations

You have very sharp teeth.
Your mind is acute. (Int +2)
You are somewhat resistant to further mutation.

Inventory:

Hand Weapons
 f - a +1 long sword of holy wrath (weapon)
Armour
 a - a +0 robe (worn)
Jewellery
 i - a ring of protection from cold (left hand)
 n - an amulet of the gourmand (around neck)
Wands
 j - a wand of digging (1/24)
Scrolls
 d - 2 scrolls of identify {unknown}
 k - a scroll of fear {unknown}
 l - a scroll of immolation {unknown}
 m - a scroll of amnesia {unknown}
 o - 2 scrolls of remove curse {unknown}
Potions
 e - a potion of mutation
 g - a potion of cancellation
 h - a potion of resistance {unknown}
Books
 b - a book of Flames

   Spells                             Type                      Level
   a - Flame Tongue                   Conjuration/Fire             1
   b - Throw Flame                    Conjuration/Fire             2
   c - Conjure Flame                  Conjuration/Fire             3
   d - Inner Flame                    Hexes/Fire                   3
   e - Sticky Flame                   Conjuration/Fire             4
   f - Fireball                       Conjuration/Fire             5
Comestibles
 c - 3 bread rations
 p - a chunk of flesh
 q - a royal jelly


   Skills:
 - Level 2.4 Dodging
 - Level 2.4 Stealth
 + Level 4.6 Spellcasting
 * Level 4.7 Conjurations
 + Level 4.2 Fire Magic


You had 2 spell levels left.
You knew the following spells:

 Your Spells              Type           Power        Failure   Level  Hunger
a - Flame Tongue          Conj/Fire      ####.        1%          1    None
b - Conjure Flame         Conj/Fire      ####....     6%          3    ##.....
c - Sticky Flame          Conj/Fire      ####....     17%         4    ####...
e - Inner Flame           Hex/Fire       ###.....     14%         3    ##.....


You were on level 6 of the Dungeon.
You were not hungry.

You visited 1 branch of the dungeon, and saw 6 of its levels.

You collected 98 gold pieces.

#.......)....'...
##.#.........####
#.#........##
#...#.....##
##...##...## #.
#..#>###'##
#.+##+.##.# #.#
##...a....###.######
#....@..####.......#
#.###.#.# ##...###.#
# #.#.# #.....# .#
#.#.# ##...## .#
#.#.####....##.###
#.........#.......
###.####.....<.#
#########

Notes
Turn   | Place    | Note
--------------------------------------------------------------
     0 | D:1      | ololoev the Deep Elf Fire Elementalist began the quest for the Orb.
     0 | D:1      | Reached XP level 1. HP: 10/10 MP: 6/6
   222 | D:3      | Reached XP level 2. HP: 15/15 MP: 2/8
   240 | D:3      | Found a burning altar of Makhleb.
   240 | D:3      | Noticed a green death
   286 | D:3      | Found a sacrificial altar of Ru.
   294 | D:3      | Reached XP level 3. HP: 13/19 MP: 7/10
   298 | D:3      | Reached XP level 4. HP: 16/24 MP: 5/11
   310 | D:3      | Learned a level 3 spell: Conjure Flame
   315 | D:3      | Learned a level 4 spell: Sticky Flame
   362 | D:4      | Reached skill level 4 in Spellcasting
   373 | D:5      | Entered Level 5 of the Dungeon
   403 | D:4      | Found an oddly glowing altar of Pakellas.
   617 | D:6      | Noticed an ogre
   626 | D:6      | Noticed Dowan
   628 | D:6      | Learned a level 3 spell: Inner Flame
   661 | D:5      | Reached XP level 5. HP: 15/28 MP: 1/13
   699 | D:6      | Killed an ogre
   716 | D:6      | HP: 1/28 [worker ant (4)]
   717 | D:6      | Gained mutation: Your mind is acute. (Int +2) [potion of mutation]
   717 | D:6      | Gained mutation: You have very sharp teeth. [potion of mutation]
   717 | D:6      | Gained mutation: You are somewhat resistant to further mutation. [potion of mutation]
   717 | D:6      | Succumbed to a worker ant's poison

Dungeon Overview and Level Annotations

Branches:
Dungeon (6/15)
 Temple: D:4-7

Altars:
Makhleb
Pakellas
Ru

Annotations:
D:6 Dowan


Message History

Aim: an ogre, wielding a giant club (almost dead)
The flame tongue hits the ogre.
You kill the ogre!
The worker ant misses you.
Found an escape hatch in the floor.
Found a scroll labeled DUUSET OSEMM.
The worker ant misses you.
Casting: Flame Tongue
Confirm with . or Enter, or press ? or * to list all spells.
Aiming: Flame Tongue
Press: ? - help, Shift-Dir - straight line, f - worker ant
Aim: a worker ant (lightly wounded)
The flame tongue hits the worker ant.
The worker ant appears unharmed.
The worker ant is lightly wounded.
The worker ant bites you. The worker ant bites you.
You see here a scroll labeled DUUSET OSEMM.
o - 2 scrolls labeled DUUSET OSEMM (gained 1)
The worker ant bites you.
Casting: Flame Tongue
Confirm with . or Enter, or press ? or * to list all spells.
Aiming: Flame Tongue
Press: ? - help, Shift-Dir - straight line, f/p - worker ant
Aim: a worker ant (lightly wounded)
The flame tongue hits the worker ant.
The worker ant appears unharmed.
The worker ant is lightly wounded.
The worker ant barely misses you.
You closely miss the worker ant.
The worker ant is lightly wounded.
The worker ant closely misses you. The worker ant bites you.
Drink which item? (? for menu, Esc to quit)
It was a potion of cancellation.
You feel magically purged.
You hear the slow rusting of a drain nearby.
The worker ant bites you.
You are lethally poisoned!
The worker ant poisons you!
Drink which item? (? for menu, Esc to quit)
It was a potion of mutation.
You feel extremely strange.
You feel clever.
Your teeth lengthen and sharpen.
You feel genetically stable.
You die...

You could see a worker ant.

Vanquished Creatures
  An ogre (D:6)
  A crimson imp (D:5)
  An orc priest (D:3)
  An iguana (D:4)
  An orc wizard (D:3)
  A worm (D:3)
  2 giant geckos
  3 orcs (D:3)
  2 giant cockroaches
  A goblin (D:2)
  A quokka (D:4)
  2 giant newts
  3 kobolds
  A rat (D:3)
21 creatures vanquished.

Action                   |  1- 3 |  4- 6 || total
-------------------------+-------+-------++-------
Melee: Long sword        |     2 |    31 ||    33
 Cast: Flame Tongue      |    16 |    22 ||    38
       Conjure Flame     |       |     2 ||     2
       Inner Flame       |       |     2 ||     2
Evoke: Wand              |     1 |     1 ||     2
  Use: Potion            |       |     2 ||     2
 Stab: Sleeping          |     1 |     1 ||     2

Vault maps used:
D:1:      lightli_arrival_chessboard, minmay_misc_feat_enclosed,
          minmay_splitting_lines
D:2:      ecumenical_altar_2, st_stairs_2, okawaru_gym_becter
D:3:      nicolae_ru_awakened_eye, serial_glass, glass_columns_b,
          glass_columns_a, glass_columns_a, glass_columns_c, first_bread,
          makhleb_altar_promises_db
D:4:      overflow_temple_1_default, kennysheep_vampire_church,
          kennysheep_mini_moat, johnstein_pakellas_dig, uniq_edmund, uniq_robin
D:5:      xom_redecorated, serial_bayou, serial_bayou_lake_a,
          serial_bayou_crossing, serial_bayou_shore_b, serial_bayou_lagoon_b,
          minivault_27
D:6:      kennysheep_little_box, gup_sewer_entry_bowl, uniq_duvessa
